Workbook

Sheet DONNEES
A1: Établissement(s)
A2: Du | B2: 02/04/2023
A3: Au | B3: 02/05/2023
A6: Services | B6: Tickets Z | C6: Total TTC Net | D6: Couverts | E6: Panier moyen | F6: Moy. Panier moy. | G6: Ticket moy. | H6: Total remises | I6: Autres remises | J6: Total offerts | K6: Autres offerts | L6: Total TTC Brut | M6: Total TVA | N6: Total HT | O6: TVA 10.00% | P6: HT 10.00% | Q6: TTC NET 10.00% | R6: TVA 20.00% | S6: HT 20.00% | T6: TTC NET 20.00% | U6: Total caisse | V6: Total | W6: Mouvements de caisse | X6: Pourboires | Y6: Compte client virement | Z6: Avoir | AA6: CB | AB6: Cash | AC6: TR | AD6: Commentaires
A7: Total | B7: - | C7: 43054.58 | D7: 1093 | E7: 61.88 | F7: 56.1 | G7: 137.17647 | H7: 1982.42 | I7: 1982.42 | J7: 2248 | K7: 2248 | L7: 47285 | M7: 5412.3 | N7: 37642.28 | O7: 2117.28 | P7: 21168.25 | Q7: 23285.53 | R7: 3295.02 | S7: 16474.03 | T7: 19769.05 | U7: 43157.19 | V7: 43207.19 | W7: 0 | X7: 0 | Y7: 50 | Z7: 58 | AA7: 41321.48 | AB7: 1697.71 | AC7: 80 | AD7: -
A8: Du 04/04/2023 (12:40) Au 05/04/2023 (02:04) | C8: 1155.4 | D8: 31 | E8: 37.27 | F8: 27.780001 | G8: 57.77 | H8: 123.6 | I8: 123.6 | J8: 99 | K8: 99 | L8: 1378 | M8: 152.6 | N8: 1002.8 | O8: 48.009998 | P8: 479.85001 | Q8: 527.85999 | R8: 104.59 | S8: 522.95001 | T8: 627.53998 | U8: 1156.4 | V8: 1156.4 | W8: 0 | X8: 0 | Y8: 0 | Z8: 0 | AA8: 1140.9 | AB8: 15.5 | AC8: 0
A9: Du 05/04/2023 (12:16) Au 06/04/2023 (01:20) | C9: 2324.62 | D9: 55 | E9: 42.27 | F9: 34.009998 | G9: 89.41 | H9: 133.38 | I9: 133.38 | J9: 0 | K9: 0 | L9: 2458 | M9: 289.72 | N9: 2034.9 | O9: 117.19 | P9: 1172.3101 | Q9: 1289.5 | R9: 172.53 | S9: 862.59003 | T9: 1035.12 | U9: 2331.62 | V9: 2331.62 | W9: 0 | X9: 0 | Y9: 0 | Z9: 0 | AA9: 2134.92 | AB9: 176.7 | AC9: 20
A10: Du 06/04/2023 (12:38) Au 07/04/2023 (02:08) | C10: 4203.5 | D10: 96 | E10: 43.79 | F10: 33.009998 | G10: 131.36 | H10: 0 | I10: 0 | J10: 82.5 | K10: 82.5 | L10: 4286 | M10: 546.42 | N10: 3657.08 | O10: 184.88 | P10: 1849.62 | Q10: 2034.5 | R10: 361.54001 | S10: 1807.46 | T10: 2169 | U10: 4203.5 | V10: 4203.5 | W10: 0 | X10: 0 | Y10: 0 | Z10: 58 | AA10: 3980.5 | AB10: 165 | AC10: 0
A11: Du 07/04/2023 (12:31) Au 08/04/2023 (01:33) | C11: 3441.79 | D11: 79 | E11: 43.57 | F11: 34.759998 | G11: 98.34 | H11: 227.71 | I11: 227.71 | J11: 38 | K11: 38 | L11: 3707.5 | M11: 450.28 | N11: 2991.51 | O11: 148.19 | P11: 1481.1801 | Q11: 1629.37 | R11: 302.09 | S11: 1510.33 | T11: 1812.42 | U11: 3457.29 | V11: 3457.29 | W11: 0 | X11: 0 | Y11: 0 | Z11: 0 | AA11: 3409.82 | AB11: 47.47 | AC11: 0
A12: Du 08/04/2023 (20:08) Au 09/04/2023 (04:37) | C12: 877.8 | D12: 2 | E12: 438.9 | F12: 438.89999 | G12: 877.8 | H12: 376.2 | I12: 376.20001 | J12: 0 | K12: 0 | L12: 1254 | M12: 116.87 | N12: 760.93 | O12: 35.32 | P12: 353.17999 | Q12: 388.5 | R12: 81.550003 | S12: 407.75 | T12: 489.29999 | U12: 877.8 | V12: 877.8 | W12: 0 | X12: 0 | Y12: 0 | Z12: 0 | AA12: 850 | AB12: 27.8 | AC12: 0
A13: Du 11/04/2023 (12:39) Au 13/04/2023 (01:32) | C13: 3000 | D13: 87 | E13: 34.48 | F13: 32.540001 | G13: 76.92 | H13: 0 | I13: 0 | J13: 43 | K13: 43 | L13: 3043 | M13: 350.77 | N13: 2649.23 | O13: 179.23 | P13: 1791.77 | Q13: 1971 | R13: 171.53999 | S13: 857.46002 | T13: 1029 | U13: 3000 | V13: 3000 | W13: 0 | X13: 0 | Y13: 0 | Z13: 0 | AA13: 2788.67 | AB13: 211.33 | AC13: 0
A14: Du 13/04/2023 (12:45) Au 14/04/2023 (01:18) | C14: 3121.54 | D14: 82 | E14: 38.07 | F14: 31.879999 | G14: 89.19 | H14: 183.96 | I14: 183.96 | J14: 119.5 | K14: 119.5 | L14: 3425 | M14: 395.62 | N14: 2725.92 | O14: 149.7 | P14: 1496.41 | Q14: 1646.11 | R14: 245.92 | S14: 1229.51 | T14: 1475.4301 | U14: 3121.54 | V14: 3121.54 | W14: 0 | X14: 0 | Y14: 0 | Z14: 0 | AA14: 2837.88 | AB14: 283.66 | AC14: 0
A15: Du 14/04/2023 (12:16) Au 15/04/2023 (01:39) | C15: 3290.5 | D15: 82 | E15: 40.13 | F15: 28.51 | G15: 126.56 | H15: 0 | I15: 0 | J15: 0 | K15: 0 | L15: 3290.5 | M15: 393.52 | N15: 2896.98 | O15: 186 | P15: 1859.5 | Q15: 2045.5 | R15: 207.52 | S15: 1037.48 | T15: 1245 | U15: 3370 | V15: 3370 | W15: 0 | X15: 0 | Y15: 0 | Z15: 0 | AA15: 3262 | AB15: 87 | AC15: 21
A16: Du 17/04/2023 (12:50) Au 19/04/2023 (01:39) | C16: 1985.5 | D16: 64 | E16: 31.02 | F16: 29.549999 | G16: 68.47 | H16: 55 | I16: 55 | J16: 258 | K16: 258 | L16: 2298.5 | M16: 238.52 | N16: 1746.98 | O16: 110.89 | P16: 1108.72 | Q16: 1219.61 | R16: 127.63 | S16: 638.26001 | T16: 765.89001 | U16: 1985.5 | V16: 1985.5 | W16: 0 | X16: 0 | Y16: 0 | Z16: 0 | AA16: 1977.5 | AB16: 8 | AC16: 0
A17: Du 19/04/2023 (12:11) Au 20/04/2023 (01:47) | C17: 2058 | D17: 54 | E17: 38.11 | F17: 33.619999 | G17: 121.06 | H17: 50 | I17: 50 | J17: 163 | K17: 163 | L17: 2271 | M17: 244.72 | N17: 1813.28 | O17: 117.96 | P17: 1179.54 | Q17: 1297.5 | R17: 126.76 | S17: 633.73999 | T17: 760.5 | U17: 2058 | V17: 2058 | W17: 0 | X17: 0 | Y17: 0 | Z17: 0 | AA17: 1959 | AB17: 75 | AC17: 24
A18: Du 20/04/2023 (20:05) Au 21/04/2023 (01:14) | C18: 1935 | D18: 46 | E18: 42.07 | F18: 34.169998 | G18: 84.13 | H18: 80 | I18: 80 | J18: 30 | K18: 30 | L18: 2045 | M18: 247.29 | N18: 1687.71 | O18: 90.309998 | P18: 902.82001 | Q18: 993.13 | R18: 156.98 | S18: 784.89001 | T18: 941.87 | U18: 1935.1 | V18: 1935.1 | W18: 0 | X18: 0 | Y18: 0 | Z18: 0 | AA18: 1805.6 | AB18: 129.5 | AC18: 0
A19: Du 21/04/2023 (12:18) Au 22/04/2023 (02:52) | C19: 3664.75 | D19: 108 | E19: 33.93 | F19: 34.139999 | G19: 91.62 | H19: 478.25 | I19: 478.25 | J19: 715.5 | K19: 715.5 | L19: 4858.5 | M19: 467.75 | N19: 3197 | O19: 171.59 | P19: 1716.38 | Q19: 1887.97 | R19: 296.16 | S19: 1480.62 | T19: 1776.78 | U19: 3692.75 | V19: 3692.75 | W19: 0 | X19: 0 | Y19: 0 | Z19: 0 | AA19: 3627.2 | AB19: 65.55 | AC19: 0
... A24: Du 28/04/2023 (12:13) Au 29/04/2023 (01:46) | C24: 4256.58 | D24: 92 | E24: 46.27 | F24: 36.619999 | G24: 88.68 | H24: 127.42 | I24: 127.42 | J24: 47 | K24: 47 | L24: 4431 | M24: 559.31 | N24: 3697.27 | O24: 180.22 | P24: 1801.6801 | Q24: 1981.9 | R24: 379.09 | S24: 1895.59 | T24: 2274.6799 | U24: 4261.78 | V24: 4261.78 | W24: 0 | X24: 0 | Y24: 0 | Z24: 0 | AA24: 4109.78 | AB24: 152 | AC24: 0
A28: COMPTE DE TVA COLLECTEE taux 1 | C28: 445720 | D28: 0.2
A29: COMPTE DE TVA COLLECTEE taux 2 | C29: 445710 | D29: 0.1
A30: COMPTE VENTES 20% | C30: 707200
A31: COMPTES VENTES 10% | C31: 707100
A32: CODE JOURNAL DE CAISSE | C32: CS
A33: CODE JOURNAL DE VENTES | C33: VT
A34: COMPTE CARTE BLEUE | C34: CCB
A35: COMPTE CHQ | C35: CCHQ
A36: COMPTE ESPECES | C36: CESP
A37: compte virement | C37: CVIRT
A38: COMPTE AVOIR | C38: C000

Sheet ECRITURES COMPTABLES
C1: 445710 | D1: 445720 | E1: 530000 | F1: 707100 | G1: 707200 | H1: C000 | I1: CCB | J1: CESP | L1: CDIV
A2: Services | C2: TVA 10.00% | D2: TVA 20.00% | F2: HT 10.00% | G2: HT 20.00% | H2: Total | I2: CB | J2: Cash | K2: Avoir | L2: TR
A3: Du 14/04/2023 (12:16) Au 15/04/2023 (01:39) | C3: =INDIRECT(ADDRESS(MATCH($A3,Services,0)+7,MATCH("*"&C$2&"*",DONNEES!$A$6:$AD$6,0),4,1,"DONNEES"),1) -> 186 | D3: =INDIRECT(ADDRESS(MATCH($A3,Services,0)+7,MATCH("*"&D$2&"*",DONNEES!$A$6:$AD$6,0),4,1,"DONNEES"),1) -> 207.52 | E3: =INDIRECT(ADDRESS(MATCH($A3,Services,0)+7,MATCH("*"&J$2&"*",DONNEES!$A$6:$AD$6,0),4,1,"DONNEES"),1) -> 87 | F3: =INDIRECT(ADDRESS(MATCH($A3,Services,0)+7,MATCH("*"&F$2&"*",DONNEES!$A$6:$AD$6,0),4,1,"DONNEES"),1) -> 1859.5 | G3: =INDIRECT(ADDRESS(MATCH($A3,Services,0)+7,MATCH("*"&G$2&"*",DONNEES!$A$6:$AD$6,0),4,1,"DONNEES"),1) -> 1037.48 | H3: =INDIRECT(ADDRESS(MATCH($A3,Services,0)+7,MATCH(H$2,DONNEES!$A$6:$AD$6,0),4,1,"DONNEES"),1) -> 3370 | I3: =INDIRECT(ADDRESS(MATCH($A3,Services,0)+7,MATCH("*"&I$2&"*",DONNEES!$A$6:$AD$6,0),4,1,"DONNEES"),1) -> 3262 | J3: =INDIRECT(ADDRESS(MATCH($A3,Services,0)+7,MATCH("*"&J$2&"*",DONNEES!$A$6:$AD$6,0),4,1,"DONNEES"),1) -> 87 | K3: =INDIRECT(ADDRESS(MATCH($A3,Services,0)+7,MATCH("*"&K$2&"*",DONNEES!$A$6:$AD$6,0),4,1,"DONNEES"),1) -> 0 | L3: =INDIRECT(ADDRESS(MATCH($A3,Services,0)+7,MATCH(L$2,DONNEES!$A$6:$AD$6,0),4,1,"DONNEES"),1) -> 21
A4: ECRITURE 1
A5: JOURNAL | B5: DATE | C5: COMPTE | D5: LIBELLE | E5: DEBIT | F5: CREDIT
A6: VT | B6: =RIGHT(LEFT(A$3,13),10) -> 14/04/2023 | C6: C000 | D6: CLIENTS | E6: =INDIRECT(ADDRESS(MATCH($A3,Services,0)+7,MATCH(H$2,DONNEES!$A$6:$AD$6,0),4,1,"DONNEES"),1) -> 3370
A7: VT | B7: =RIGHT(LEFT(A$3,13),10) -> 14/04/2023 | C7: 707200 | D7: VENTES 20% | F7: =INDIRECT(ADDRESS(MATCH($A3,DONNEES!$A$1:$A$104,0),MATCH("*"&G$2&"*",DONNEES!$A$6:$AD$6,0),4,1,"DONNEES"),1) -> 1037.48
A8: VT | B8: =RIGHT(LEFT(A$3,13),10) -> 14/04/2023 | C8: 707100 | D8: VENTES 10% | F8: =INDIRECT(ADDRESS(MATCH($A3,DONNEES!$A$1:$A$104,0),MATCH("*"&F$2&"*",DONNEES!$A$6:$AD$6,0),4,1,"DONNEES"),1) -> 1859.5
A9: VT | B9: =RIGHT(LEFT(A$3,13),10) -> 14/04/2023 | C9: 445720 | D9: TVA VENTE 20% | F9: =INDIRECT(ADDRESS(MATCH($A3,DONNEES!$A$1:$A$104,0),MATCH("*"&D$2&"*",DONNEES!$A$6:$AD$6,0),4,1,"DONNEES"),1) -> 207.52
A10: VT | B10: =RIGHT(LEFT(A$3,13),10) -> 14/04/2023 | C10: 445710 | D10: TVA VENTE 10% | F10: =INDIRECT(ADDRESS(MATCH($A3,DONNEES!$A$1:$A$104,0),MATCH("*"&C$2&"*",DONNEES!$A$6:$AD$6,0),4,1,"DONNEES"),1) -> 186
A16: ECRITURE 2
A17: JOURNAL | B17: DATE | C17: COMPTE | D17: LIBELLE | E17: DEBIT | F17: CREDIT
A18: VT | B18: =RIGHT(LEFT(A$3,13),10) -> 14/04/2023 | C18: CCB | D18: CARTE BLEUE | E18: =INDIRECT(ADDRESS(MATCH($A3,DONNEES!$A$1:$A$104,0),MATCH("*"&I$2&"*",DONNEES!$A$6:$AD$6,0),4,1,"DONNEES"),1) -> 3262
A19: VT | B19: =RIGHT(LEFT(A$3,13),10) -> 14/04/2023 | C19: CESP | D19: ESPECES | E19: =INDIRECT(ADDRESS(MATCH($A3,DONNEES!$A$1:$A$104,0),MATCH("*"&J$2&"*",DONNEES!$A$6:$AD$6,0),4,1,"DONNEES"),1) -> 87
A20: VT | B20: =RIGHT(LEFT(A$3,13),10) -> 14/04/2023 | C20: C000 | D20: DETAIL CLIENT | F20: =INDIRECT(ADDRESS(MATCH($A3,DONNEES!$A$1:$A$104,0),MATCH("*"&C$2&"*",DONNEES!$A$6:$AD$6,0),4,1,"DONNEES"),1) -> 186
B21: =RIGHT(LEFT(A$3,13),10) -> 14/04/2023 | C21: CDIV | D21: TR | E21: =INDIRECT(ADDRESS(MATCH($A3,DONNEES!$A$1:$A$104,0),MATCH(L$2,DONNEES!$A$6:$AD$6,0),4,1,"DONNEES"),1) -> 21
A23: ECRITURE 3 (seulement si paiement en especes)
A24: JOURNAL | B24: DATE | C24: COMPTE | D24: LIBELLE | E24: DEBIT | F24: CREDIT
A25: CS | B25: =RIGHT(LEFT(A$3,13),10) -> 14/04/2023 | C25: 530000 | D25: CAISSE | E25: =INDIRECT(ADDRESS(MATCH($A3,DONNEES!$A$1:$A$104,0),MATCH("*"&J$2&"*",DONNEES!$A$6:$AD$6,0),4,1,"DONNEES")) -> 87
A26: CS | B26: =RIGHT(LEFT(A$3,13),10) -> 14/04/2023 | C26: CESP | F26: =INDIRECT(ADDRESS(MATCH($A3,DONNEES!$A$1:$A$104,0),MATCH("*"&J$2&"*",DONNEES!$A$6:$AD$6,0),4,1,"DONNEES"),1) -> 87
A28: COMPTE DE TVA COLLECTEE taux 1 | C28: 445720 | D28: 0.2 | E28: =IF(ISERROR(MATCH($C28,$A$1:$AE$1,0)),"",INDIRECT(ADDRESS(3,MATCH($C28,$A$1:$AE$1,0)),1)) -> 207.52
A29: COMPTE DE TVA COLLECTEE taux 2 | C29: 445710 | D29: 0.1 | E29: =IF(ISERROR(MATCH($C29,$A$1:$AE$1,0)),"",INDIRECT(ADDRESS(3,MATCH($C29,$A$1:$AE$1,0)),1)) -> 186
A30: COMPTE VENTES 20% | C30: 707200 | E30: =IF(ISERROR(MATCH($C30,$A$1:$AE$1,0)),"",INDIRECT(ADDRESS(3,MATCH($C30,$A$1:$AE$1,0)),1)) -> 1037.48
A31: COMPTES VENTES 10% | C31: 707100 | E31: =IF(ISERROR(MATCH($C31,$A$1:$AE$1,0)),"",INDIRECT(ADDRESS(3,MATCH($C31,$A$1:$AE$1,0)),1)) -> 1859.5
A32: CODE JOURNAL DE CAISSE | C32: CS | E32: =IF(ISERROR(MATCH($C32,$A$1:$AE$1,0)),"",INDIRECT(ADDRESS(3,MATCH($C32,$A$1:$AE$1,0)),1))
A33: CODE JOURNAL DE VENTES | C33: VT | E33: =IF(ISERROR(MATCH($C33,$A$1:$AE$1,0)),"",INDIRECT(ADDRESS(3,MATCH($C33,$A$1:$AE$1,0)),1))
A34: COMPTE CARTE BLEUE | C34: CCB | E34: =IF(ISERROR(MATCH($C34,$A$1:$AE$1,0)),"",INDIRECT(ADDRESS(3,MATCH($C34,$A$1:$AE$1,0)),1)) -> 3262
A35: COMPTE CHQ | C35: CCHQ | E35: =IF(ISERROR(MATCH($C35,$A$1:$AE$1,0)),"",INDIRECT(ADDRESS(3,MATCH($C35,$A$1:$AE$1,0)),1))
A36: COMPTE ESPECES | C36: CESP | E36: =IF(ISERROR(MATCH($C36,$A$1:$AE$1,0)),"",INDIRECT(ADDRESS(3,MATCH($C36,$A$1:$AE$1,0)),1)) -> 87
A37: compte virement | C37: CVIRT | E37: =IF(ISERROR(MATCH($C37,$A$1:$AE$1,0)),"",INDIRECT(ADDRESS(3,MATCH($C37,$A$1:$AE$1,0)),1))
A38: COMPTE AVOIR | C38: C000 | E38: =IF(ISERROR(MATCH($C38,$A$1:$AE$1,0)),"",INDIRECT(ADDRESS(3,MATCH($C38,$A$1:$AE$1,0)),1)) -> 3370
A39: compte ticket resto | C39: CDIV | E39: =IF(ISERROR(MATCH($C39,$A$1:$AE$1,0)),"",INDIRECT(ADDRESS(3,MATCH($C39,$A$1:$AE$1,0)),1)) -> 21
